 Dungeon Crawl Stone Soup version 0.29.1-1-gd02db6906a (webtiles) character file.

Game seed: 5671389290415840676

135 cdecastro the Gusty (level 4, 0/24 HPs)
             Began as a Deep Elf Air Elementalist on Oct 21, 2022.
             Slain by Crazy Yiuf
             ... wielding a +4 quarterstaff of chaos
              (6 damage)
             ... on level 2 of the Dungeon on Oct 23, 2022.
             The game lasted 00:06:48 (2983 turns).

cdecastro the Gusty (Deep Elf Air Elementalist)     Turns: 2983, Time: 00:06:48

Health: 0/24       AC:  3    Str:  5    XL:     4   Next: 96%
Magic:  6/10       EV: 12    Int: 22    God:
Gold:   107        SH:  0    Dex: 15    Spells: 3/9 levels left

rFire   . . .      SeeInvis .   e - +0 short sword
rCold   . . .      Faith    .   (no shield)
rNeg    + + .      Spirit   .   p - +1 robe {rN+}
rPois   .          Reflect  .   (no helmet)
rElec   .          Harm     .   (no cloak)
rCorr   .          Rampage  .   (no gloves)
Will    .....                   (no boots)
Stlth   ++........              (no amulet)
HPRegen 0.08/turn               m - ring of positive energy
MPRegen 0.12/turn               (no ring)

@: no status effects
A: no striking features
a: no special abilities


You were on level 2 of the Dungeon.
You visited 1 branch of the dungeon, and saw 2 of its levels.

You collected 107 gold pieces.

Inventory:

Hand Weapons
 e - a +0 short sword (weapon)
Missiles
 f - 21 stones
 o - 3 poisoned darts
Armour
 a - a +0 robe
 p - a +1 robe of positive energy (worn)
Jewellery
 m - a ring of positive energy (left hand)
Scrolls
 c - a scroll of magic mapping {unknown}
 d - 6 scrolls of identify {unknown}
 h - a scroll of immolation {unknown}
 j - a scroll of enchant armour {unknown}
 l - a scroll of blinking {unknown}
 r - a scroll of fear {unknown}
Potions
 b - 2 potions of magic
 g - a potion of might
 i - a potion of curing {unknown}
 k - a potion of attraction {unknown}
 n - a potion of mutation {unknown}
 q - a potion of degeneration {unknown}


   Skills:
 - Level 2.4 Dodging
 - Level 2.4 Stealth
 - Level 3.0 Spellcasting
 - Level 1.1 Conjurations
 + Level 5.7 Air Magic


You had 3 spell levels left.
You knew the following spells:

 Your Spells              Type           Power      Damage    Failure   Level
a - Shock                 Conj/Air       72%        1d7       3%          1
b - Static Discharge      Conj/Air       18%        3-6/arc   4%          2
c - Swiftness             Air            28%        N/A       3%          3

Your spell library contained the following spells:

 Spells                   Type           Power      Damage    Failure   Level
 Airstrike                Air            14%        2d(2-18)  12%         4


Dungeon Overview and Level Annotations

Branches:
Dungeon (2/15)

Altars:

Annotations:
D:2 Crazy Yiuf


Message History

The zap hits the bat.
You kill the bat!
Unknown command.
There is a stone staircase leading down here.
Found a hammer.
Found a runed translucent door.
Could not explore, unopened runed door.
Could not explore, unopened runed door.
Press: ? - help, v - describe, . - travel
Here: Crazy Yiuf, wielding a +4 quarterstaff of chaos and wearing a +0 cloak (asleep, fire blocked by a runed translucent door)
The floor.
You open the door.
Casting: Shock (safe; 3% risk of failure)
Confirm with . or Enter, or press ? or * to list all spells.
Aiming: Shock (safe; 3% risk of failure)
Press: ? - help, Shift-Dir - straight line The zap hits Crazy Yiuf.
Crazy Yiuf is lightly wounded.
The zap hits Crazy Yiuf.
Crazy Yiuf is moderately wounded.
Unknown command.
Casting: Shock (safe; 3% risk of failure)
Confirm with . or Enter, or press ? or * to list all spells.
Aiming: Shock (safe; 3% risk of failure)
Press: ? - help, Shift-Dir - straight line The zap hits Crazy Yiuf.
Crazy Yiuf is moderately wounded.
Unknown command.
Casting: Shock (safe; 3% risk of failure)
Confirm with . or Enter, or press ? or * to list all spells.
Crazy Yiuf is struck by an arc of lightning!
Crazy Yiuf is severely wounded.
You are struck by an arc of lightning.
Crazy Yiuf is struck by an arc of lightning.
Crazy Yiuf is almost dead.
The lightning grounds out.
Crazy Yiuf hits you with a +4 quarterstaff of chaos!
Ouch! That really hurt!
* * * LOW HITPOINT WARNING * * *
Crazy Yiuf burns you.
You die...

#### #..#
#######.##
........#
♣♣♣♣♣###
###.#<#.## ###
♣♣♣.♣....##
.........#
#...#♣..♣......##
>........#
#...g@♣♣♣♣......#
###.#.##.#
#)..#♣♣ ♣♣.....#
#........# ###
♣♣##..#
#.#.#.##.# #.##
#.#.#.##.# #.#
#.#...##.#####
######.#
#.###.##.#...#
#.#....# #.#
#.##.##.##
#.#..### .)#
#..#.##.# #.#.##


You could see Crazy Yiuf.

Vanquished Creatures
  Terence (D:2)
  Jessica (D:2)
  4 gnolls (D:2)
  A worm (D:2)
  A dart slug (D:1)
  4 ball pythons
  7 bats
  An endoplasm (D:2)
  A giant cockroach (D:2)
  5 goblins
  2 hobgoblins (D:1)
  7 kobolds
  A quokka (D:1)
  3 rats
39 creatures vanquished.

Notes
Turn   | Place    | Note
-------+----------+-------------------------------------------
     0 | D:1      | cdecastro the Deep Elf Air Elementalist began the quest for
                  | the Orb.
     0 | D:1      | Reached XP level 1. HP: 10/10 MP: 6/6
   279 | D:1      | Reached XP level 2. HP: 14/15 MP: 8/8
   429 | D:1      | Found a faded altar of an unknown god.
   582 | D:1      | Learned a level 2 spell: Static Discharge
   653 | D:1      | Reached skill level 4 in Air Magic
  1335 | D:2      | Reached XP level 3. HP: 18/19 MP: 3/9
  1489 | D:2      | Noticed Terence
  1500 | D:2      | Killed Terence
  1861 | D:2      | Noticed Jessica
  1872 | D:2      | Reached XP level 4. HP: 17/24 MP: 4/10
  2020 | D:2      | Killed Jessica
  2021 | D:2      | Reached skill level 5 in Air Magic
  2226 | D:2      | Learned a level 3 spell: Swiftness
  2976 | D:2      | Found a runed translucent door.
  2977 | D:2      | Noticed Crazy Yiuf
  2983 | D:2      | Slain by Crazy Yiuf

Illustrated notes

Levels and vault maps discovered:
D:1:      wander_arrival_estate, layout_loops_ring,
          chequers_ecumenical_altar_island, st_stairs_13
D:2:      layout_loops_ring, dk_noncrumbling_3, uniq_jessica, uniq_terence,
          uniq_crazy_yiuf_cottage

Skill      XL: |  1  2  3  4 |
---------------+-------------+-----
Air Magic      | 4 5 |  5.7
Dodging        | |  2.4
Stealth        | |  2.4
Spellcasting   | |  3.0
Conjurations   | |  1.1

Action                   |  1- 3 |  4- 6 || total
-------------------------+-------+-------++-------
Melee: Short sword       |     2 |     1 ||     3
 Cast: Shock             |    52 |    19 ||    71
       Static Discharge  |     6 |    10 ||    16
Armor: Robe              |     2 |       ||     2
Dodge: Dodged            |    18 |     9 ||    27
